 Dungeon Crawl Stone Soup version 0.25.0-11-g1f837a76a1 (webtiles) character file.

Game seed: 16343593430716815930

1138 Esekla the Sneak (level 8, -2/72 HPs)
             Began as a Naga Necromancer on June 25, 2020.
             Was a Believer of Uskayaw.
             Slain by Menkaure (13 damage)
             ... on level 6 of the Dungeon.
             The game lasted 00:32:06 (6884 turns).

Esekla the Sneak (Naga Necromancer)                 Turns: 6884, Time: 00:32:06

Health: -2/72      AC:  4    Str: 10    XL:     8   Next: 37%
Magic:  13/13      EV: 14    Int: 19    God:    Uskayaw [**....]
Gold:   239        SH:  0    Dex: 11    Spells: 10/14 levels left

rFire    . . .     SeeInvis +   v - +2 dagger (venom)
rCold    . . .     Gourm    .   (no shield)
rNeg     + . .     Faith    .   a - +0 robe
rPois    +         Spirit   .   (no helmet)
rElec    .         Reflect  .   (no cloak)
rCorr    .         Harm     .   k - +0 pair of gloves
MR       +....                  (no barding)
Stlth    +++.......             (no amulet)
HPRegen  0.22/turn              u - ring of positive energy
MPRegen  0.13/turn              w - +4 ring of evasion

@: very slow
A: large, see invisible, deformed body, poison resistance, slowness 2, slow
metabolism 1, spit poison 1, AC +2
a: Spit Poison, Stomp, Line Pass, Renounce Religion


You were on level 6 of the Dungeon.
You worshipped Uskayaw.
Uskayaw was noncommittal.
You were not hungry.

You visited 1 branch of the dungeon, and saw 7 of its levels.

You collected 239 gold pieces.

Inventory:

Hand Weapons
 t - a +0 trident
 v - a +2 dagger of venom (weapon)
Missiles
 d - 40 poisoned darts (quivered)
 s - 9 boomerangs
Armour
 a - a +0 robe (worn)
 k - a +0 pair of gloves (worn)
Jewellery
 e - an uncursed ring of protection from fire
 u - a ring of positive energy (left hand)
 w - a +4 ring of evasion (right hand)
Scrolls
 j - 3 scrolls of teleportation {unknown}
 l - 5 scrolls of identify {unknown}
 m - 2 scrolls of remove curse {unknown}
 n - a scroll of amnesia {unknown}
 o - 2 scrolls of noise {unknown}
 p - 2 scrolls of fear {unknown}
 q - a scroll of immolation {unknown}
 r - a scroll of fog {unknown}
Potions
 b - a potion of brilliance {unknown}
 f - a potion of heal wounds {unknown}
 g - 2 potions of haste {unknown}
 h - a potion of curing {unknown}
 i - a potion of magic {unknown}
Comestibles
 c - 6 rations


   Skills:
 * Level 3.8 Fighting
 * Level 5.0 Short Blades
 + Level 2.9 Dodging
 + Level 6.4 Stealth
 * Level 3.7 Spellcasting
 * Level 5.4 Necromancy


You had 10 spell levels left.
You knew the following spells:

 Your Spells              Type           Power        Failure   Level  Hunger
a - Pain                  Necr           ###.         1%          1    None
d - Vampiric Draining     Necr           ###.......   4%          3    ###....

Your spell library contained the following spells:

 Spells                   Type           Power        Failure   Level  Hunger
 Animate Skeleton         Necr           N/A          1%          1    None
 Animate Dead             Necr           N/A          16%         4    ####...
 Agony                    Necr           ###.....     38%         5    ######.


Dungeon Overview and Level Annotations

Branches:
Dungeon (7/15)
 Temple: D:4-7

Altars:
Ashenzari
Uskayaw
Vehumet

Annotations:
D:6 Menkaure, Sigmund


Innate Abilities, Weirdness & Mutations

You cannot wear boots.
Your serpentine skin is tough. (AC +2)
You have supernaturally acute eyesight. (SInv)
Armour fits poorly on your strangely shaped body.
Your system is resistant to poisons. (rPois)
You cover ground very slowly.
You have a slow metabolism.
You can spit poison.


Message History

You hit Menkaure.
Menkaure is severely damaged.
You hit Menkaure but do no damage.
Menkaure is severely damaged.
Menkaure hits you!!
You completely miss Menkaure.
Menkaure is severely damaged.
Menkaure barely misses you.
You hit Menkaure.
Menkaure is almost destroyed.
Menkaure gestures at you while chanting.
You resist with significant effort.
You hit Menkaure.
Menkaure is almost destroyed.
Menkaure hits you!!
* * * LOW HITPOINT WARNING * * *
You hit Menkaure but do no damage.
Menkaure is almost destroyed.
Menkaure hits you!
You die...

#............#
###..#####..#..#
.. ##.....# .#
#....... .#
##...### ## .#
#..## # .#.
#..#### #M#
#...... #@#
##+#### #.#
##...## #.###
##.....## #[#.##
##.......#
#....####.........
#.......'.........
#....####.........
#...#.##
##.......# #...###
##.....##


You could see Menkaure (fast).

Vanquished Creatures
  A sky beast (D:5)
  An ice beast (D:6)
  An ogre (D:4)
  A centaur (D:6)
  A scorpion (D:4)
  3 killer bees (D:4)
  A howler monkey (D:3)
  A crimson imp (D:6)
  2 hounds
  An orc priest (D:6)
  5 orc wizards
  2 worker ants (D:4)
  A hound skeleton (D:4)
  8 adders
  4 gnolls (D:3)
  A shadow imp (D:6)
  An ooze (D:2)
  An adder skeleton (D:5)
  A worm (D:2)
  3 dart slugs
  2 leopard geckos
  20 orcs
  5 ball pythons
  10 giant cockroaches
  9 goblins
  7 hobgoblins
  A quokka (D:5)
  7 bats
  5 frilled lizards
  5 kobolds
  A quokka zombie (D:5)
  7 rats
119 creatures vanquished.

Vanquished Creatures (others)
  A worm (D:4)
1 creature vanquished.

Grand Total: 120 creatures vanquished

Notes
Turn   | Place    | Note
-------+----------+-------------------------------------------
     0 | D:1      | Esekla the Naga Necromancer began the quest for the Orb.
     0 | D:1      | Reached XP level 1. HP: 15/15 MP: 3/3
   385 | D:1      | Reached XP level 2. HP: 24/24 MP: 5/5
   869 | D:1      | Reached skill level 1 in Short Blades
  1081 | D:1      | Reached XP level 3. HP: 30/30 MP: 6/6
  1086 | D:1      | Learned a level 3 spell: Vampiric Draining
  1714 | D:2      | Reached skill level 1 in Fighting
  1953 | D:2      | Reached XP level 4. HP: 32/38 MP: 7/7
  2098 | D:3      | Reached skill level 4 in Stealth
  2128 | D:3      | Found a faded altar of an unknown god.
  2150 | D:3      | Became a worshipper of Uskayaw the Reveler
  2150 | D:3      | Reached * piety under Uskayaw
  2268 | D:3      | Reached XP level 5. HP: 39/44 MP: 8/8
  2682 | D:3      | Reached ** piety under Uskayaw
  3215 | D:4      | Reached XP level 6. HP: 52/52 MP: 8/10
  3481 | D:4      | Found a radiant altar of Vehumet.
  3707 | D:4      | Reached XP level 7. HP: 56/61 MP: 11/11
  3781 | D:4      | Reached skill level 5 in Stealth
  4066 | D:5      | Entered Level 5 of the Dungeon
  4953 | D:5      | Reached skill level 5 in Necromancy
  5539 | D:6      | Noticed Sigmund
  5680 | D:6      | Reached XP level 8. HP: 65/69 MP: 13/13
  5698 | D:6      | Reached *** piety under Uskayaw
  6085 | D:6      | Found a shattered altar of Ashenzari.
  6286 | D:6      | Reached skill level 6 in Stealth
  6689 | D:6      | Reached skill level 5 in Short Blades
  6863 | D:6      | Noticed Menkaure
  6884 | D:6      | Slain by Menkaure

Illustrated notes

Levels and vault maps discovered:
D:1:      lemuel_arrival_broad_hall, layout_loops_corners
D:2:      layout_rooms, serial_glass, glass_columns_a, glass_columns_b,
          minmay_strange_pillars, due_unseen_surprise, item_on_display_a,
          minmay_strange_pillars
D:3:      layout_basic, chequers_ecumenical_altar_simple_redux, serial_curves,
          eino_curves_02, eino_curves_02, kennysheep_doodads
D:4:      layout_loops_ring, fiery_altar_vehumet
D:5:      layout_basic, first_ration
D:6:      layout_loops_corners, lemuel_coloured_pillars_altar, serial_glass,
          glass_columns_b, glass_columns_a, glass_columns_c, glass_columns_a,
          glass_columns_a, glass_columns_c, glass_columns_a, glass_columns_c,
          minmay_strange_pillars, uniq_sigmund, uniq_menkaure
D:7:      layout_rooms, elyvilon_altar_1, gammafunk_temple_overflow_claw,
          temple_doors_cd, hangedman_decor_lopped

Skill      XL: |  1  2  3  4  5  6  7  8 |
---------------+-------------------------+-----
Short Blades   | 1 2 4 5 |  5.0
Fighting       | 1 2 3 |  3.8
Stealth        | 4 5 6 |  6.4
Dodging        | 2 |  2.9
Spellcasting   | 3 |  3.7
Necromancy     | 5 |  5.4

Action                   |  1- 3 |  4- 6 |  7- 9 || total
-------------------------+-------+-------+-------++-------
Melee: Dagger            |    71 |   103 |   113 ||   287
Throw: Dart              |     2 |     1 |     1 ||     4
 Cast: Vampiric Draining |       |       |     5 ||     5
 Abil: Spit Poison       |     7 |     5 |    15 ||    27
 Stab: Sleeping          |     6 |     9 |     8 ||    23
       Distracted        |       |       |     1 ||     1
       Paralysed         |       |       |     1 ||     1
  Eat: Chunk             |     2 |     2 |     7 ||    11
       Ration            |       |     1 |     1 ||     2
Armor: Robe              |    16 |    32 |    24 ||    72
Dodge: Dodged            |    44 |    67 |    56 ||   167
